 Dungeon Crawl Stone Soup version 0.27.1-2-g3b301248ec (webtiles) character file.

Game seed: 11094188694142226862

212354 isuldar6 the Slayer (level 18, -1/182 HPs)
             Began as a Minotaur Berserker on Sept 27, 2021.
             Was the Champion of Trog.
             Killed from afar by a raiju (8 damage)
             ... with a living lightning
             ... on level 3 of the Abyss.
             The game lasted 03:48:53 (50529 turns).

isuldar6 the Slayer (Minotaur Berserker)           Turns: 50529, Time: 03:48:54

Health: -1/182     AC: 15    Str: 30    XL:     18   Next: 24%
Magic:  17/17      EV: 13    Int: 12    God:    Trog [******]
Gold:   774        SH:  0    Dex: 12    Spells: 17/17 levels left

rFire    . . .     SeeInvis +   a - +5 halberd of Melee {spect, rN+++ Will- Int+8}
rCold    + . .     Faith    .   (shield currently unavailable)
rNeg     + + +     Spirit   .   X - +1 plate armour of Kizyn {rC+ Str+4}
rPois    .         Reflect  .   (helmet restricted)
rElec    .         Harm     .   h - scarf {repulsion}
rCorr    .         Rampage  .   J - +2 pair of gloves
Will     .....                  (no boots)
Stlth    ..........             D - amulet of the acrobat
HPRegen  0.40/turn              H - ring of see invisible
MPRegen  0.15/turn              Y - +4 ring of slaying

@: mighty, unable to read, on berserk cooldown, slowed, repel missiles, very
slow
A: horns 2, retaliatory headbutt, deformed body, weak 1, inability to read while
threatened
}: 1/15 runes: serpentine
a: Renounce Religion, Berserk, Trog's Hand, Brothers in Arms


You were on level 3 of the Abyss.
You worshipped Trog.
Trog was exalted by your worship.
You visited 5 branches of the dungeon, and saw 23 of its levels.
You visited the Abyss 1 time.

You collected 1710 gold pieces.
You spent 936 gold pieces at shops.

Inventory:

Hand Weapons
 a - the +5 halberd of Melee (weapon) {spect, rN+++ Will- Int+8}
   (You took it off a frost giant on level 11 of the Dungeon)

   When its wielder attacks, the weapon's spirit leaps out and strikes again.
   The spirit shares a part of any damage it takes with its wielder.
   Int:       It affects your intelligence (+8).
   rN:        It renders you almost immune to negative energy.
   Will:      It decreases your willpower.
 b - a +2 demon trident of venom
 k - a +2 vampiric halberd
 q - a +3 vorpal executioner's axe
 W - a +3 broad axe of flaming
Missiles
 p - 157 poisoned darts (quivered)
 y - 4 javelins
 M - 3 throwing nets
 U - 2 curare-tipped darts
Armour
 h - a scarf of repulsion (worn)
 F - a +0 kite shield
 J - a +2 pair of gloves (worn)
 P - a +2 tower shield
 V - a +2 cloak of poison resistance
 X - the +1 plate armour of Kizyn (worn) {rC+ Str+4}
   (You took it off a death knight on level 10 of the Dungeon)

   Str:       It affects your strength (+4).
   rC:        It protects you from cold.
Jewellery
 g - an amulet of guardian spirit
 D - an amulet of the acrobat (around neck)
 H - a ring of see invisible (left hand)
 Q - an amulet of regeneration
 T - the ring "Ufahu" {Wiz rElec rF+ Int+4}
   (You found it on level 14 of the Dungeon)

   [ring of wizardry]

   It improves your spell success rate.
   Int:       It affects your intelligence (+4).
   rF:        It protects you from fire.
   rElec:     It insulates you from electricity.
 Y - a +4 ring of slaying (right hand)
Wands
 c - a wand of mindburst (32)
 e - a wand of acid (28)
 f - a wand of polymorph (10)
 w - a wand of flame (20)
 G - a wand of iceblast (40)
 I - a wand of digging (16)
 Z - a wand of paralysis (12)
Scrolls
 d - a scroll of holy word
 j - 2 scrolls of magic mapping
 o - 2 scrolls of immolation
 s - 5 scrolls of amnesia
 t - 3 scrolls of fear
 u - 9 scrolls of noise
 v - 7 scrolls of teleportation
 A - 7 scrolls of identify
 E - 2 scrolls of fog
 L - 3 scrolls of enchant weapon
 O - 3 scrolls of blinking
Potions
 i - 2 potions of degeneration
 l - a potion of flight
 m - 6 potions of curing
 n - 3 potions of attraction
 r - 5 potions of lignification
 x - 4 potions of haste
 z - 4 potions of might
 B - 2 potions of ambrosia
 C - 2 potions of magic
 K - a potion of berserk rage {unknown}
 N - 2 potions of brilliance
 R - 2 potions of mutation


   Skills:
 * Level 21.0 Fighting
 - Level 10.3(17.6) Axes
 - Level 13.8(15.0) Maces & Flails
 - Level 19.0(19.7) Polearms
 - Level 2.6(3.8) Slings
 - Level 4.4 Crossbows
 - Level 3.9(4.2) Throwing
 - Level 13.0 Armour
 - Level 15.1 Dodging
 - Level 6.0 Shields


You had 17 spell levels left.
You didn't know any spells.
Your spell library contained the following spells:

 Spells                   Type           Power      Damage    Failure   Level
 Slow                     Hex            0%         N/A       97%         2
 Confusing Touch          Hex            0%         N/A       99%         3
 Vampiric Draining        Necr           0%         2d6       99%         3
 Petrify                  Tmut/Erth      0%         N/A       100%        4
 Metabolic Englaciation   Hex/Ice        0%         N/A       100%        5
 Statue Form              Tmut/Erth      0%         N/A       100%        6


Dungeon Overview and Level Annotations

Branches:
Dungeon (14/15)            Temple (1/1) D:6            Lair (2/6) D:10
  Snake (4/4) Lair:2          Orc (0/2) D:11         Vaults (2/5) D:13
  Crypt (0/3) Vaults:2
  Swamp: Lair:2-4    Shoals: Lair:2-4

Altars:
Ashenzari
Cheibriados
Elyvilon
Gozag
Hepliaklqana
Makhleb
Okawaru
Qazlal
Sif Muna
Trog
Uskayaw
Xom
Yredelemnul
The Shining One

Shops:
D:4 (   Snake:1 ?(=   Snake:2 :=:   Snake:4 ?

Annotations:
D:10 exclusion: downstairs


Innate Abilities, Weirdness & Mutations

You have a pair of horns on your head.
You reflexively headbutt those who attack you in melee.
Armour fits poorly on your strangely shaped body.
You are weak. (Str -2)
You sometimes lose the ability to read scrolls when taking damage.


Message History

The living lightning misses you.
The raiju blinks!
The raiju completely misses you.
The raiju barks!
You barely miss the raiju. The raiju bites you but does no damage.
The raiju bursts into living lightning!
The living lightning hits you.
* * * LOW HITPOINT WARNING * * *
The raiju blinks!
The raiju bites you but does no damage.
Okay, then.
You impale the raiju!!
The raiju is almost dead.
You can read scrolls again.
The raiju bursts into living lightning!
The living lightning misses you.
The living lightning hits the raiju.
The raiju completely resists.
The living lightning hits the raiju.
The raiju completely resists.
The living lightning hits the flying skull.
The flying skull resists.
The raiju blinks! x4
The raiju bites you but does no damage. The raiju barely misses you.
You furiously retaliate!
You headbutt the raiju!
The raiju bursts into living lightning!
The living lightning hits the raiju.
The raiju completely resists.
The living lightning hits you.
* * * LOW HITPOINT WARNING * * *
The raiju blinks! x3
A tentacled starspawn comes into view.
You closely miss the raiju.
The raiju is almost dead.
The raiju bursts into living lightning!
The living lightning hits you!
You feel threatened and lose the ability to read scrolls!
* * * LOW HITPOINT WARNING * * *
The living lightning hits the raiju.
The raiju completely resists.
The living lightning hits the raiju.
The raiju completely resists.
The living lightning misses the flying skull.
The raiju blinks! x4
The raiju bursts into living lightning!
The living lightning hits the raiju.
The raiju completely resists.
The living lightning hits you!
You die...

# . # # . # #.
#..... # #..# ##. #
....# # #.####.....#
##P## #zhh@h...h.X
#..... #z.h##h#.....
# #....$###z#zz....#
. . #
#....z"5.)†.##......
#....5###.#.# ....#*
.. .#.#...... . # #.
.#\ #.†#....##. ..
#... †#....... #. .
.#...###......


You could see a tentacled starspawn, 6 raiju, 4 flying skulls, an iron imp and a
lurking horror.

Vanquished Creatures
  Vashnia (Snake:2)
  Nikola (Snake:2)
  A bone dragon (Vaults:1)
  A tentacled starspawn (Abyss:3)
  A thorn hunter (Abyss:3)
  The ghost of Rompeb the Grappler, a journeyman TrAK of Lugonu (D:12)
  4 nagarajas
  Roxanne (Snake:3)
  Louise (Snake:3)
  A frost giant (D:11)
  2 very ugly things (Vaults:1)
  6 ironbound preservers
  2 stone giants
  2 dire elephants (Vaults:1)
  Azrael (D:14)
  Snorg (D:11)
  A merfolk impaler (D:13)
  3 yaktaur captains (Vaults:1)
  A jiangshi (Abyss:3)
  13 naga warriors
  6 salamander tyrants
  2 great orbs of eyes
  A rakshasa (Abyss:3)
  6 vault guards
  An ironbound frostheart (Vaults:1)
  3 ironbound thunderhulks
  5 boulder beetles
  6 centaur warriors
  4 hydras
  A death knight (D:10)
  11 anacondas
  6 two-headed ogres
  3 tengu warriors
  10 naga sharpshooters
  2 ironbound beastmasters (Vaults:1)
  13 shock serpents
  A hell knight (D:10)
  9 skeletal warriors
  8 sea snakes (Snake:4)
  11 salamander mystics
  6 naga ritualists
  27 deep trolls
  2 ironbound convokers
  7 lindwurms
  A deep elf archer (D:13)
  A necromancer (Vaults:1)
  20 mana vipers
  An orc knight (Vaults:1)
  A wolf spider (D:11)
  A faun (shapeshifter) (D:11)
  3 ugly things
  5 manticores
  31 salamanders
  3 worldbinders (Abyss:3)
  A cyclops (D:14)
  38 black mambas
  20 naga magi
  4 vault sentinels
  A smoke demon (Abyss:2)
  8 guardian serpents
  4 cane toads (Lair:2)
  An eye of devastation (Abyss:2)
  A rime drake (Lair:1)
  7 kobold demonologists
  A freezing wraith (Abyss:2)
  4 tengu conjurers
  A komodo dragon (Lair:1)
  6 yaktaurs (Vaults:1)
  A demonic crawler (Abyss:3)
  4 trolls
  3 meliai
  A queen bee (shapeshifter) (D:10)
  2 yaktaur skeletons (Vaults:1)
  2 ancient zymes (Abyss:2)
  A merfolk (shapeshifter) (D:10)
  Prince Ribbit (D:6)
  4 blink frogs (Lair:2)
  4 raiju (Abyss:3)
  27 slime creatures
  3 shadows
  A ynoxinul (Abyss:3)
  A centaur simulacrum (D:14)
  3 wraiths
  2 vampires
  4 basilisks
  5 humans
  3 wyverns
  11 yaks
  3 fire elementals (D:14)
  3 neqoxecs
  4 vampire mosquitoes (D:13)
  4 small abominations
  2 large abominations (Abyss:3)
  3 acid dragons
  A swamp worm (shapeshifter) (D:11)
  31 nagas
  6 water moccasins
  3 hell hounds (D:14)
  An ice beast (D:8)
  A sky beast (D:6)
  2 black bears (D:6)
  A hornet zombie (D:6)
  5 orc warriors
  3 ogres
  5 centaurs
  3 boggarts (Vaults:1)
  9 kobold brigands
  A human zombie (Vaults:1)
  A bullfrog (Lair:2)
  A gnoll sergeant (D:10)
  A scorpion (D:6)
  A water moccasin zombie (D:6)
  6 killer bees (D:9)
  18 wights
  4 howler monkeys
  An electric eel (Snake:4)
  A bullfrog zombie (D:6)
  2 centaur zombies
  6 orc priests
  2 hounds
  2 gnoll shamans (D:6)
  2 centaur skeletons (D:6)
  12 orc wizards
  3 iguanas
  3 hell rats (Lair:1)
  A killer bee zombie (D:8)
  20 gnolls
  3 adders
  8 river rats (Lair:1)
  2 shadow imps (D:8)
  3 white imps
  3 adder skeletons
  A worm (D:2)
  A dart slug (D:1)
  37 orcs
  10 ball pythons
  2 bats
  6 endoplasms
  3 giant cockroaches
  8 goblins
  4 hobgoblins
  6 jackals
  A quokka (D:3)
  43 kobolds
  11 rats
  2 butterflies (Lair:2)
775 creatures vanquished.

Vanquished Creatures (others)
  A raiju (Abyss:3)
  A human (D:13)
  2 kobolds (D:9)
  20 fungi
  74 plants
  2 starspawn tentacles (Abyss:3)
100 creatures vanquished.

Grand Total: 875 creatures vanquished

Notes
Turn   | Place    | Note
-------+----------+-------------------------------------------
     0 | D:1      | isuldar6 the Minotaur Berserker began the quest for the
                  | Orb.
     0 | D:1      | Reached XP level 1. HP: 19/19 MP: 0/0
    33 | D:1      | Found a faded altar of an unknown god.
   718 | D:1      | Reached XP level 2. HP: 27/27 MP: 1/1
  1156 | D:1      | Reached skill level 4 in Fighting
  2110 | D:2      | Reached XP level 3. HP: 23/33 MP: 2/2
  2224 | D:2      | You fall into a shaft and drop 1 floor!
  2231 | D:3      | Reached XP level 4. HP: 37/41 MP: 3/3
  2742 | D:2      | Reached ** piety under Trog
  2810 | D:2      | Reached skill level 5 in Fighting
  2810 | D:2      | Reached skill level 5 in Axes
  2899 | D:3      | Reached XP level 5. HP: 39/48 MP: 4/4
  3427 | D:4      | Reached skill level 1 in Maces & Flails
  3428 | D:4      | Noticed an ogre
  3439 | D:4      | Killed an ogre
  3440 | D:4      | Reached skill level 6 in Fighting
  3440 | D:4      | Reached XP level 6. HP: 22/57 MP: 5/5
  4193 | D:4      | Found a broken altar of Ashenzari.
  4250 | D:4      | Reached *** piety under Trog
  4395 | D:4      | Found Vosi Osch's Antique Weapon Emporium.
  4547 | D:5      | Entered Level 5 of the Dungeon
  4567 | D:5      | You fall into a shaft and drop 2 floors!
  4627 | D:7      | Reached skill level 7 in Fighting
  4757 | D:7      | Reached XP level 7. HP: 66/66 MP: 6/6
  4992 | D:6      | Reached skill level 1 in Shields
  5042 | D:6      | Reached skill level 5 in Maces & Flails
  5134 | D:6      | Noticed Prince Ribbit
  5139 | D:6      | Killed Prince Ribbit
  5202 | D:6      | Found an opulent altar of Gozag.
  5272 | D:6      | Found a staircase to the Ecumenical Temple.
  5281 | D:6      | Reached skill level 8 in Fighting
  5296 | D:6      | Reached XP level 8. HP: 54/74 MP: 7/7
  5845 | D:6      | Reached **** piety under Trog
  6216 | D:6      | Reached skill level 9 in Fighting
  6216 | D:6      | Reached skill level 5 in Shields
  6342 | D:6      | Reached XP level 9. HP: 60/84 MP: 8/8
  6641 | Temple   | Entered the Ecumenical Temple
  6982 | D:7      | Found a stormy altar of Qazlal.
  7313 | D:7      | Reached skill level 10 in Fighting
  7948 | D:8      | Noticed a two-headed ogre
  7961 | D:8      | Killed a two-headed ogre
  8256 | D:8      | Noticed a kobold demonologist
  8504 | D:7      | Reached skill level 5 in Armour
  8585 | D:8      | Noticed an ice devil
  8594 | D:7      | Reached skill level 1 in Slings
  8601 | D:7      | Noticed an orange demon
  8605 | D:7      | Killed a kobold demonologist
  8663 | D:8      | Reached ***** piety under Trog
  8784 | D:8      | Reached skill level 5 in Dodging
  8784 | D:8      | Reached XP level 10. HP: 79/94 MP: 9/9
  9504 | D:9      | Found a hazy altar of Hepliaklqana.
  9507 | D:9      | Found a shimmering blue altar of Sif Muna.
  9709 | D:9      | Identified the +0 leather armour of Integrity {Harm +Inv
                  | Int+3}
 10021 | D:9      | Identified the +9 hand axe "Diubbaud" {pain, Will+ MP+9
                  | Str+5}
 10681 | D:9      | Reached skill level 11 in Fighting
 11002 | D:9      | Reached skill level 10 in Maces & Flails
 11050 | D:10     | Entered Level 10 of the Dungeon
 11107 | D:10     | Found a burning altar of Makhleb.
 11107 | D:10     | Found a bloodstained altar of Trog.
 11207 | D:10     | Found a staircase to the Lair.
 11366 | D:10     | Received a gift from Trog
 11720 | D:10     | Noticed a two-headed ogre
 11738 | D:10     | Killed a two-headed ogre
 12150 | D:11     | Found a staircase to the Orcish Mines.
 12164 | D:11     | Noticed a skeletal warrior
 12186 | D:11     | Killed a skeletal warrior
 12385 | D:11     | Noticed a red ugly thing
 12385 | D:11     | Noticed Snorg
 12385 | D:11     | Noticed a two-headed ogre
 12414 | D:10     | Killed a red ugly thing
 12415 | D:10     | Reached XP level 11. HP: 102/102 MP: 10/10
 12467 | D:10     | Killed a two-headed ogre
 12983 | D:11     | Noticed a hell knight
 13236 | D:11     | Noticed a stone giant
 13248 | D:10     | Killed a hell knight
 13489 | D:11     | Noticed a stone giant
 13764 | D:11     | Noticed a wolf spider
 13897 | D:11     | Killed a wolf spider
 14087 | D:10     | Killed a stone giant
 14214 | D:11     | Killed Snorg
 14303 | D:11     | Noticed a four-headed hydra
 14315 | D:11     | Killed a one-headed hydra
 14316 | D:11     | Reached skill level 12 in Fighting
 14319 | D:11     | Noticed an eight-headed hydra
 14707 | D:11     | Killed a five-headed hydra
 15244 | D:11     | Noticed a death knight
 15435 | D:11     | Identified the +5 halberd of Melee {spect, rN+++ Will-
                  | Int+8}
 15435 | D:11     | Noticed a frost giant
 15441 | D:11     | Noticed a two-headed ogre
 15630 | D:11     | Noticed a two-headed ogre
 15759 | D:10     | Killed a two-headed ogre
 15762 | D:10     | Reached XP level 12. HP: 113/113 MP: 11/11
 16339 | D:11     | Killed a frost giant
 16340 | D:11     | Reached skill level 13 in Fighting
 16691 | D:11     | Identified the +1 plate armour of Kizyn {rC+ Str+4}
 16956 | D:10     | Killed a death knight
 17249 | D:11     | Killed a stone giant
 17250 | D:11     | Reached skill level 10 in Axes
 17309 | D:11     | Reached skill level 1 in Polearms
 17420 | D:11     | Reached skill level 1 in Throwing
 17558 | D:11     | Found a glowing golden altar of the Shining One.
 18682 | D:12     | Identified the ring of Sophism {rElec rF- rCorr Dex-4 SInv}
 19468 | D:12     | Noticed a two-headed ogre
 19478 | D:12     | Killed a two-headed ogre
 19479 | D:12     | Reached skill level 5 in Polearms
 19535 | D:12     | Reached skill level 14 in Fighting
 19915 | D:12     | Noticed a two-headed ogre
 19924 | D:12     | Killed a two-headed ogre
 20044 | D:12     | Reached XP level 13. HP: 107/124 MP: 12/12
 21829 | D:13     | Found a runed translucent gate.
 21829 | D:13     | Found a runed translucent gate.
 21829 | D:13     | Found a runed translucent gate.
 21829 | D:13     | Found a shimmering altar of Xom.
 21829 | D:13     | Noticed a merfolk impaler
 21830 | D:13     | Found an iron altar of Okawaru.
 21830 | D:13     | Noticed Rompeb's ghost (journeyman TrAK)
 21845 | D:13     | Reached skill level 10 in Polearms
 22191 | D:13     | Reached skill level 15 in Fighting
 22734 | D:12     | Reached skill level 1 in Crossbows
 23008 | D:13     | Found a gate to the Vaults.
 23304 | D:12     | Killed Rompeb's ghost
 24239 | D:13     | Killed a merfolk impaler
 25029 | D:14     | Identified the +6 rapier of Chaos {vorpal, Str+2}
 25123 | D:14     | Identified the ring "Ufahu" {Wiz rElec rF+ Int+4}
 25279 | D:14     | Noticed Azrael
 25286 | D:14     | Received a gift from Trog
 25289 | D:14     | Reached XP level 14. HP: 114/136 MP: 13/13
 25296 | D:14     | Reached skill level 16 in Fighting
 25302 | D:14     | Killed Azrael
 27343 | Lair:1   | Entered Level 1 of the Lair of Beasts
 27943 | Lair:1   | You fall into a shaft and drop 1 floor!
 29020 | Lair:2   | Found a staircase to the Snake Pit.
 29033 | Lair:2   | Identified the +3 short sword of Juorghaja {venom, *Noise
                  | rElec rN++ rCorr}
 29536 | Snake:1  | Entered Level 1 of the Snake Pit
 30810 | Snake:1  | Found Pemics's Magic Scroll Emporium.
 30812 | Snake:1  | Found Soireycaace's Weapon Shoppe.
 30814 | Snake:1  | Found Baumyikk's Jewellery Emporium.
 30826 | Snake:1  | Bought a scroll of acquirement for 936 gold pieces
 30826 | Snake:1  | Acquired a manual of Dodging
 31318 | Snake:1  | Received a gift from Trog
 32004 | Snake:1  | Reached XP level 15. HP: 120/145 MP: 14/14
 32872 | Snake:2  | Noticed a nagaraja
 32906 | Snake:2  | Reached skill level 10 in Dodging
 33087 | Snake:2  | Killed a nagaraja
 33142 | Snake:2  | Noticed a nagaraja
 33159 | Snake:2  | Killed a nagaraja
 34437 | Snake:2  | Reached skill level 10 in Armour
 35194 | Snake:2  | Found Neynot's Book Shoppe.
 35194 | Snake:2  | Found Xuop's Jewellery Shop.
 35195 | Snake:2  | Found Wodwat's Book Shoppe.
 35716 | Snake:2  | Noticed a nagaraja
 35740 | Snake:2  | Killed a nagaraja
 35919 | Snake:2  | Noticed Vashnia
 35970 | Snake:2  | Killed Vashnia
 36446 | Snake:3  | Noticed Nikola
 36462 | Snake:2  | Killed Nikola
 38474 | Snake:3  | Reached XP level 16. HP: 142/152 MP: 15/15
 38890 | Snake:3  | Noticed Louise
 38911 | Snake:3  | Killed Louise
 38912 | Snake:3  | Reached skill level 15 in Dodging
 39425 | Snake:3  | Reached skill level 15 in Polearms
 39432 | Snake:3  | Received a gift from Trog
 40057 | Snake:3  | Noticed Roxanne
 40391 | Snake:3  | Found a glowing golden altar of the Shining One.
 40445 | Snake:3  | Reached skill level 17 in Fighting
 40904 | Snake:3  | Killed Roxanne
 41130 | Snake:4  | Entered Level 4 of the Snake Pit
 42233 | Snake:4  | Found Tasutix's Magic Scroll Shop.
 42660 | Snake:4  | Reached ****** piety under Trog
 42666 | Snake:4  | Reached skill level 18 in Fighting
 42909 | Snake:4  | Reached XP level 17. HP: 70/165 MP: 16/16
 43534 | Snake:4  | Found a snail-covered altar of Cheibriados.
 44536 | Snake:4  | Got a serpentine rune of Zot
 44935 | Vaults:1 | Entered Level 1 of the Vaults
 45796 | Vaults:1 | Reached skill level 19 in Fighting
 46056 | Vaults:1 | Received a gift from Trog
 49337 | Vaults:2 | Reached skill level 20 in Fighting
 49340 | Vaults:2 | Found a staircase to the Crypt.
 49341 | Vaults:2 | Noticed a bone dragon
 49375 | Vaults:1 | Killed a bone dragon
 49794 | Vaults:2 | Received a gift from Trog
 49795 | Vaults:2 | Reached XP level 18. HP: 178/178 MP: 17/17
 50161 | Vaults:2 | Cast into level 2 of the Abyss (a wizard)
 50204 | Abyss:2  | Gained mutation: Armour fits poorly on your strangely
                  | shaped body. [a neqoxec]
 50402 | Abyss:3  | Gained mutation: You are weak. (Str -2) [a neqoxec]
 50404 | Abyss:3  | Gained mutation: You sometimes lose the ability to read
                  | scrolls when taking damage. [a neqoxec]
 50517 | Abyss:3  | Reached skill level 21 in Fighting
 50529 | Abyss:3  | HP: 7/182 [raiju/living lightning (13)]
 50529 | Abyss:3  | Killed from afar by a raiju

Illustrated notes

Levels and vault maps discovered:
D:1:      dpeg_arrival_signposts, layout_loops_cross, basic_ecumenical_altar
D:2:      layout_basic
D:3:      layout_basic
D:4:      layout_loops_ring, old_standard_altar, serial_shops, shop
D:5:      layout_loops_cross, uniq_sigmund
D:6:      layout_loops_ring, kennysheep_mini_moat,
          minmay_temple_entry_overgrown, grunt_potential, uniq_prince_ribbit1
D:7:      layout_gridville, mainiacjoe_overflow_concentric_impassable
D:8:      layout_cave_pools
D:9:      kennysheep_kobold_camp, layout_irregular_city,
          mainiacjoe_overflow_catwalk_spiral
D:10:     layout_roguey, chequers_temple_overflow_statue_of_worship,
          lair_entry_dummy
D:11:     minmay_complete_graph, layout_long_grid, orc_0_dummy,
          kennysheep_small_circle, uniq_snorg
D:12:     layout_cave_pods
D:13:     layout_rooms, ximxim_vaults_locker_room,
          gammafunk_ghost_fury_of_okawaru, xom_teletrap_fun
D:14:     layout_roguey, columned_hall_lemuel, uniq_azrael
Temple:   regret_index_temple_waves
Lair:1:   layout_regular_city, kennysheep_abandoned_house
Lair:2:   layout_loops_ring, minmay_snake_entry_six_corridors,
          lemuel_fruit_fields
Snake:1:  layout_misc_corridors, minmay_shop_star, serial_bayou_shore_b
Snake:2:  nicolae_cobra_stairs, layout_chambers,
          nicolae_snake_salamander_jacuzzi, minmay_shop_grove, uniq_vashnia
Snake:3:  layout_grid_maze, basic_altar, uniq_nikola, uniq_roxanne, uniq_louise
Snake:4:  snake_pit_salamanders_mu, layout_basic, basic_altar, serial_shops,
          nicolae_shop_behind_doors, serial_bayou_shore_a
Vaults:1: hangedman_vaults_corner_blocks, hangedman_vaults_corner_blocks,
          nicolae_vaults_network_periphery, vaults_room_large_hall,
          v_alt_pattern_6, vaults_room_pools, layout_vaults_omnibox
Vaults:2: vaults_dpeg_doors, minmay_crypt_entry_nasty_monster, v_misc_13,
          v_pattern_2, hangedman_vaults_cutoff, v_misc_30, st_cells,
          grunt_vaults_funnel, nicolae_vaults_little_squares_1,
          dpeg_vaults_monster_box, layout_vaults_big_cross
Abyss:3:  base: D:1, grunt_abyss_rune_forest_and_sorcery,
          guppyfry_abyss_exit_spiral_guarded

Skill      XL: |  1  2  3  4  5  6  7  8  9 10 11 12 13 14 15 16 17 18 |
---------------+-------------------------------------------------------+-----
Axes           | 4 5 9 10 | 10.3
Fighting       | 4 5 6 7 8 9 10 11 12 14 15 16 18 20 21 | 21.0
Maces & Flails | 2 4 5 7 9 12 13 | 13.8
Shields        | 3 6 |  6.0
Armour         | 5 6 8 12 13 | 13.0
Dodging        | 5 6 8 14 15 | 15.1
Slings         | 1 2 |  2.6
Polearms       | 8 11 14 17 19 | 19.0
Throwing       | 3 |  3.9
Crossbows      | 4 |  4.4

Action                   |  1- 3 |  4- 6 |  7- 9 | 10-12 | 13-15 | 16-18 || total
-------------------------+-------+-------+-------+-------+-------+-------++-------
Melee: Hand axe          |    14 |       |       |       |       |       ||    14
       Headbutt          |     5 |    19 |    53 |    93 |   110 |   133 ||   413
       War axe           |    32 |    32 |       |       |       |       ||    64
       Whip              |       |   111 |   105 |   252 |    10 |       ||   478
       Hunting sling     |       |     2 |       |       |       |       ||     2
       Flail             |       |       |   183 |       |       |       ||   183
       Broad axe         |       |       |       |    66 |     8 |       ||    74
       Halberd           |       |       |       |   101 |   552 |   655 ||  1308
       Demon trident     |       |       |       |       |    30 |       ||    30
 Fire: Hunting sling     |       |    12 |       |     9 |       |       ||    21
       Arbalest          |       |       |       |       |    11 |       ||    11
Throw: Stone             |     6 |     8 |       |       |       |       ||    14
       Dart              |       |       |       |       |     4 |       ||     4
Invok: Berserk           |     1 |     2 |     7 |    22 |    24 |    20 ||    76
       Trog's Hand       |       |       |     1 |       |       |       ||     1
       Brothers in Arms  |       |       |       |     1 |       |       ||     1
Evoke: Wand              |       |       |       |     4 |       |       ||     4
  Use: Scroll            |       |       |    20 |     4 |     6 |     3 ||    33
       Potion            |       |       |     1 |       |     1 |    14 ||    16
 Stab: Distracted        |       |       |       |       |     8 |    15 ||    23
Armor: Animal skin       |     2 |       |       |       |       |       ||     2
       Chain mail        |    25 |    12 |       |       |       |       ||    37
       Plate armour      |       |    87 |   174 |   200 |   167 |   154 ||   782
Dodge: Dodged            |    29 |    50 |    94 |   170 |   244 |   371 ||   958
       Repelled          |       |       |       |       |    20 |    26 ||    46
Block: Kite shield       |       |       |   154 |   189 |     7 |       ||   350
